AoeStats
← IsraDguez

Arabia

509427579Analyzed
1v1 RM · 7d ago on Sep 26, 2026· 33m 20s· 2 players
Game mode
Random Map
Map size
Tiny (2 player)
Population
200
Speed
Normal
Resources
Standard
Victory
Conquest
Starting age
Dark Age
Ending age
Imperial Age
RankedLock teamsTeams togetherTeam positionsShared explorationLock speedFull tech treeHidden civsTurbo modeCheats
Victory
Defeat
🇲🇽 Maya · Mexico
830
+17
🇨🇴 Byzantines · Colombia
843
-17
IsraDguez
0:25 Loom
10:02 Feudal Age
13:54 Fletching
16:14 Scale Mail Armor
22:22 Castle Age
20:27 Double-Bit Axe
22:17 Forging
24:04 Chain Mail Armor
23:49 Eagle Warrior
23:54 Crossbowman
24:33 Bodkin Arrow
24:49 Squires
26:21 Arson
29:56 Wheelbarrow
29:59 Iron Casting
31:50 Thumb Ring
33:23 Hand Cart
angelus millet
1:05 Loom
11:30 Feudal Age
12:05 Double-Bit Axe
27:57 Castle Age
26:01 Padded Archer Armor
26:50 Scale Barding Armor
26:46 Scale Mail Armor
26:54 Stone Mining
27:32 Fletching
Connection lost

Rejoining the realm…

Still unreachable

The connection could not be restored.

Session expired

The server has moved on; the page needs a fresh start.